 Dungeon Crawl Stone Soup version 0.26-a0-831-g7192265339 (webtiles) character file.

Game seed: 8665571199931837130

12504 Foxy the Slicer (level 11, -2/84 HPs)
             Began as a Vampire Gladiator on Nov 15, 2020.
             Was an Elder of Kikubaaqudgha.
             Slain by a seven-headed hydra (9 damage)
             ... on level 1 of the Lair of Beasts.
             The game lasted 00:42:03 (11922 turns).

Foxy the Slicer (Vampire Gladiator)                Turns: 11922, Time: 00:42:04

Health: -2/84      AC: 10    Str: 15    XL:     11   Next: 63%
Magic:  2/17       EV: 17    Int: 16    God:    Kikubaaqudgha [****..]
Gold:   366        SH:  0    Dex: 15    Spells: 3/18 levels left

rFire    . . .     SeeInvis +   a - +1 rapier (flame)
rCold    + . .     Faith    .   (no shield)
rNeg     . . .     Spirit   .   o - +1 steam dragon scales
rPois    .         Reflect  .   z - +2 hat {Int+3}
rElec    +         Harm     .   E - +0 cloak
rCorr    .         Rampage  .   (no gloves)
MR       ++...                  g - +0 pair of boots
Stlth    +++++.....             (no amulet)
HPRegen  0.44/turn              y - ring of wizardry
MPRegen  0.15/turn              q - ring of Harmony {rElec rC+ MR+ SInv Stlth+}

@: about to teleport, very slightly contaminated, regenerating quickly
A: fangs 3, see invisible, unbreathing
a: Exsanguinate, Receive Corpses, Renounce Religion


You were on level 1 of the Lair of Beasts.
You worshipped Kikubaaqudgha.
Kikubaaqudgha was greatly pleased with you.
You visited 3 branches of the dungeon, and saw 13 of its levels.
You also visited: Sewer.

You collected 561 gold pieces.
You spent 195 gold pieces at shops.

Inventory:

Hand Weapons
 a - a +1 rapier of flaming (weapon)
Missiles
 d - 4 throwing nets
 w - 55 poisoned darts (quivered)
 x - 5 curare-tipped darts
Armour
 g - a +0 pair of boots (worn)
 o - +1 steam dragon scales (worn)
 v - a +0 kite shield
 z - a +2 hat of intelligence (worn)
 E - a +0 cloak (worn)
Jewellery
 q - the ring of Harmony (right hand) {rElec rC+ MR+ SInv Stlth+}
   (You found it on level 7 of the Dungeon)

   [ring of protection from magic]

   It protects you from cold.
   It insulates you from electricity.
   It affects your resistance to hostile enchantments.
   It lets you see invisible.
   It makes you more stealthy.
 u - a +6 ring of intelligence
 y - a ring of wizardry (left hand)
Wands
 s - a wand of disintegration (7)
 A - a wand of flame (31)
 F - a wand of random effects (17)
Scrolls
 b - a scroll of enchant armour {unknown}
 f - 2 scrolls of blinking
 j - 3 scrolls of enchant weapon
 r - a scroll of immolation
 t - 6 scrolls of remove curse
 C - a scroll of identify
Potions
 c - 2 potions of flight {unknown}
 e - 5 potions of might
 h - 2 potions of magic
 i - 3 potions of lignification
 k - 2 potions of haste {unknown}
 l - 2 potions of resistance {unknown}
 m - 2 potions of heal wounds
 n - 6 potions of curing
 p - 4 potions of degeneration {unknown}
 B - a potion of attraction {unknown}
 H - a potion of mutation {unknown}
 I - a potion of brilliance {unknown}
 J - a potion of invisibility {unknown}
Miscellaneous
 D - a phantom mirror


   Skills:
 + Level 7.6 Fighting
 * Level 12.7 Short Blades
 - Level 1.5 Throwing
 - Level 7.5 Dodging
 - Level 10.0 Stealth
 - Level 4.0 Spellcasting
 - Level 7.5 Necromancy
 - Level 2.5 Ice Magic


You had 3 spell levels left.
You knew the following spells:

 Your Spells              Type           Power        Failure   Level
a - Vampiric Draining     Necr           ####......   1%          3
b - Frozen Ramparts       Ice            ##....       8%          3
c - Animate Dead          Necr           ####......   3%          4
d - Agony                 Necr           ####....     9%          5

Your spell library contained the following spells:

 Spells                   Type           Power        Failure   Level
 Animate Skeleton         Necr           ####..       1%          1
 Pain                     Necr           ####         1%          1
 Sublimation of Blood     Necr           ####......   1%          2
 Freeze                   Ice            ##..         2%          1
 Beastly Appendage        Tmut           #.....       7%          1
 Ozocubu's Armour         Ice            ##......     8%          3
 Wereblood                Tmut           #.......     11%         2
 Spider Form              Tmut/Pois      #.........   21%         3
 Dispel Undead            Necr           ####....     3%          4
 Hailstorm                Conj/Ice       #.......     36%         4
 Ice Form                 Ice/Tmut       #.......     36%         4
 Summon Ice Beast         Ice/Summ       #.......     36%         4
 Borgnjor's Vile Clutch   Necr/Erth      ###.......   36%         5
 Death Channel            Necr           ####......   41%         6
 Simulacrum               Ice/Necr       ###.......   75%         6
 Blade Hands              Tmut           #.........   86%         5


Dungeon Overview and Level Annotations

Branches:
Dungeon (11/15)            Temple (1/1) D:6            Lair (1/6) D:9
    Orc (0/2) D:9           Sewer (visited)

Altars:
Ashenzari
Cheibriados
Dithmenos
Elyvilon
Fedhas
Gozag
Kikubaaqudgha
Makhleb
Nemelex Xobeh
Okawaru
Qazlal
Ru
Sif Muna
Trog
Uskayaw
Vehumet
Wu Jian
Xom
Yredelemnul
Zin

Shops:
D:5 =   D:8 *   D:9 (

Annotations:
D:5 exclusion: statue
D:7 3 runed translucent doors, SolusNox's ghost, novice TrMo; TigOlBitties's ghost, novice DEEE; reriks's ghost, novice OgMo
D:8 3 runed translucent doors, Sun's ghost, journeyman HuMo
D:9 3 runed translucent doors, exclusion: orange crystal statue, Grant146's ghost, journeyman MiBe
D:10 2 runed translucent doors, exclusion: orange crystal statue
D:11 Erica; Psyche


Innate Abilities, Weirdness & Mutations

Your natural rate of healing is unusually fast.
You have razor-sharp teeth.
You have supernaturally acute eyesight. (SInv)
You can survive without breathing.


Message History

You don't have enough magic to cast that spell.
Unknown command.
You feel better.
The yak is engulfed in blazing flames.
You completely miss the seven-headed hydra.
Flame seeps out of the seven-headed hydra.
You bite the seven-headed hydra!
The seven-headed hydra is moderately wounded.
The seven-headed hydra is engulfed in blazing flames.
Flame seeps out of the seven-headed hydra.
The seven-headed hydra bites you but does no damage.
The seven-headed hydra bites you!
* * * LOW HITPOINT WARNING * * *
The seven-headed hydra bites you.
* * * LOW HITPOINT WARNING * * *
The seven-headed hydra bites you!
* * * LOW HITPOINT WARNING * * *
The seven-headed hydra closely misses you.
The seven-headed hydra bites you!
You die...
Kikubaaqudgha rasps: "You have failed me!
Welcome... death!"

#.......### #.......#.###
.####.......#...#
#...............#
###..+........#...#
....#.8.......##.#####
...#....#...YY##.(...#
#.......!.#D###.###.#####
##......h..##@###.........
#......Y....###
#.#..P##.#####
...#..Y##...#
#.#...........
#.8.###....##.######.#####
#...# #..###..# ##.#
#....Y. D..##..####P.####
#...>.!# 8.8##...........#
##.....# ..##....#...##.#
##...## ###...##.##..#


You could see a seven-headed hydra (inner flame, slow) and a yak.

Vanquished Creatures
  Gastronok (D:8)
  A boulder beetle (D:11)
  A hydra (Lair:1)
  2 two-headed ogres
  Urug (D:11)
  A manticore (D:11)
  Maggie (D:6)
  A komodo dragon (Lair:1)
  A polar bear (Lair:1)
  2 wyverns (D:9)
  7 yaks
  Edmund (D:4)
  4 water moccasins
  4 sky beasts
  Purgy (D:4)
  An orc warrior (D:7)
  A phantom (D:3)
  4 ice beasts
  6 ogres
  A wolf (Lair:1)
  3 centaurs
  3 big kobolds
  8 bullfrogs
  A gnoll sergeant (D:7)
  3 scorpions
  3 killer bees
  14 wights
  2 howler monkeys (D:7)
  A centaur zombie (D:9)
  4 hounds
  3 jellies
  2 bullfrog skeletons
  A centaur skeleton (D:9)
  2 orc priests
  6 orc wizards
  2 iguanas
  10 worker ants
  A killer bee zombie (D:5)
  A hound zombie (D:5)
  A hound skeleton (D:7)
  A worker ant zombie (D:5)
  8 adders
  6 gnolls
  A river rat (D:3)
  4 white imps
  2 oozes
  3 ufetubi
  An adder skeleton (D:7)
  3 worms
  2 dart slugs (D:1)
  5 leopard geckos
  22 orcs
  6 ball pythons
  6 bats
  23 giant cockroaches
  10 goblins
  7 hobgoblins
  2 jackals (D:7)
  3 quokkas
  8 frilled lizards
  A jackal skeleton (D:8)
  19 kobolds
  2 quokka skeletons
  13 rats
271 creatures vanquished.

Vanquished Creatures (others)
  A gnoll (D:5)
  6 fungi
  31 plants (D:9)
38 creatures vanquished.

Grand Total: 309 creatures vanquished

Notes
Turn   | Place    | Note
-------+----------+-------------------------------------------
     0 | D:1      | Foxy the Vampire Gladiator began the quest for the Orb.
     0 | D:1      | Reached XP level 1. HP: 16/16 MP: 1/1
   224 | D:1      | Reached XP level 2. HP: 20/22 MP: 2/2
   621 | D:1      | Reached skill level 4 in Short Blades
   863 | D:2      | Found a hide-covered altar of Uskayaw.
   869 | D:2      | Reached XP level 3. HP: 27/27 MP: 3/3
  1069 | D:2      | Found a white marble altar of Elyvilon.
  1088 | D:2      | Reached skill level 1 in Stealth
  1709 | D:2      | Found a bloodstained altar of Trog.
  1813 | D:3      | Found a stormy altar of Qazlal.
  1984 | D:3      | Reached XP level 4. HP: 34/34 MP: 4/4
  2207 | D:3      | Found a glowing drain.
  2215 | Sewer    | Entered a sewer
  2392 | Sewer    | Reached XP level 5. HP: 39/39 MP: 5/5
  2468 | Sewer    | Reached skill level 5 in Short Blades
  2487 | Sewer    | Reached XP level 6. HP: 8/47 MP: 6/6
  3054 | D:3      | Learned a level 3 spell: Vampiric Draining
  3124 | D:4      | Noticed Edmund
  3452 | D:3      | Reached skill level 6 in Short Blades
  3452 | D:3      | Reached skill level 1 in Necromancy
  3497 | D:4      | Reached XP level 7. HP: 51/52 MP: 7/7
  3608 | D:4      | Noticed Purgy
  3648 | D:4      | Killed Purgy
  3654 | D:4      | Reached skill level 5 in Dodging
  3869 | D:4      | Killed Edmund
  3870 | D:4      | Reached skill level 5 in Stealth
  4093 | D:5      | Entered Level 5 of the Dungeon
  4123 | D:5      | Found a shimmering blue altar of Sif Muna.
  4156 | D:5      | Found a burning altar of Makhleb.
  4372 | D:5      | Reached skill level 7 in Short Blades
  4397 | D:5      | Reached XP level 8. HP: 52/60 MP: 8/8
  4417 | D:5      | Found a radiant altar of Vehumet.
  4457 | D:5      | Found Tanar's Jewellery Shop.
  5481 | D:6      | Noticed Maggie
  5608 | D:6      | Found a staircase to the Ecumenical Temple.
  5617 | Temple   | Entered the Ecumenical Temple
  5629 | Temple   | Became a worshipper of Kikubaaqudgha
  5893 | D:6      | Found a shimmering altar of Xom.
  6473 | D:6      | Killed Maggie
  6474 | D:6      | Reached skill level 8 in Short Blades
  6796 | D:7      | Reached XP level 9. HP: 60/67 MP: 9/9
  6833 | D:7      | Got a faintly glowing golden ring
  6836 | D:7      | Reached * piety under Kikubaaqudgha
  6836 | D:7      | Identified Kikubaaqudgha's Papyrus of Darkness
                  | (Kikubaaqudgha gifted it to you on level 7 of the Dungeon)
  6836 | D:7      | Received a gift from Kikubaaqudgha
  6844 | D:7      | Learned a level 3 spell: Frozen Ramparts
  6848 | D:7      | Found a runed translucent gate.
  6848 | D:7      | Found a runed translucent gate.
  6848 | D:7      | Found a runed translucent gate.
  6849 | D:7      | Noticed reriks's ghost (novice OgMo)
  6850 | D:7      | Noticed SolusNox's ghost (novice TrMo)
  6850 | D:7      | Noticed TigOlBitties's ghost (novice DEEE)
  7053 | D:7      | Found a blossoming altar of Fedhas.
  7076 | D:7      | Reached skill level 1 in Ice Magic
  7139 | D:7      | Identified the ring of Harmony {rElec rC+ MR+ SInv Stlth+}
                  | (You found it on level 7 of the Dungeon)
  7198 | D:7      | Reached skill level 5 in Fighting
  7213 | D:7      | Reached skill level 1 in Spellcasting
  7456 | D:8      | Noticed Gastronok
  7544 | D:8      | Found Juys's Mayhem Merchandise.
  7636 | D:8      | Reached ** piety under Kikubaaqudgha
  7651 | D:8      | Reached skill level 9 in Short Blades
  7819 | D:7      | Learned a level 4 spell: Animate Dead
  8194 | D:8      | Noticed a two-headed ogre
  8257 | D:8      | Killed a two-headed ogre
  8258 | D:8      | Reached skill level 5 in Necromancy
  8565 | D:8      | Found a runed translucent gate.
  8565 | D:8      | Found a runed translucent gate.
  8566 | D:8      | Found a runed translucent gate.
  8568 | D:8      | Noticed Sun's ghost (journeyman HuMo)
  8630 | D:8      | Killed Gastronok
  8631 | D:8      | Reached skill level 10 in Short Blades
  8631 | D:8      | Reached XP level 10. HP: 47/76 MP: 12/14
  8653 | D:8      | Learned a level 5 spell: Agony
  8759 | D:8      | Reached skill level 10 in Stealth
  9017 | D:9      | Found a staircase to the Orcish Mines.
  9044 | D:9      | Reached *** piety under Kikubaaqudgha
  9044 | D:9      | Identified Kikubaaqudgha's Volume of Dark Rituals
                  | (Kikubaaqudgha gifted it to you on level 9 of the Dungeon)
  9044 | D:9      | Received a gift from Kikubaaqudgha
  9137 | D:9      | Found a staircase to the Lair.
  9246 | D:9      | Reached skill level 11 in Short Blades
  9432 | D:9      | Found a runed translucent gate.
  9432 | D:9      | Found a runed translucent gate.
  9432 | D:9      | Found a runed translucent gate.
  9433 | D:9      | Noticed a ten-headed hydra
  9434 | D:9      | Noticed Grant146's ghost (journeyman MiBe)
  9481 | D:9      | Found Emoritin's Antique Weapon Shoppe.
  9661 | D:9      | Noticed a molten gargoyle
  9662 | D:9      | Noticed a molten gargoyle
  9662 | D:9      | Noticed an orange crystal statue
  9663 | D:9      | Noticed a molten gargoyle
  9728 | D:9      | Noticed a molten gargoyle
  9895 | D:10     | Entered Level 10 of the Dungeon
 10001 | D:10     | Reached XP level 11. HP: 83/83 MP: 17/17
 10056 | D:10     | Found the +10 tower shield of Ignorance {rN+ Int-4}
 10060 | D:10     | Found a runed translucent door.
 10060 | D:10     | Noticed an orange crystal statue
 10082 | D:10     | Found a runed translucent door.
 10315 | D:10     | Noticed a two-headed ogre
 10319 | D:10     | Killed a two-headed ogre
 11163 | D:11     | Noticed Urug
 11165 | D:11     | Killed Urug
 11177 | D:11     | Noticed Psyche
 11198 | D:11     | Reached **** piety under Kikubaaqudgha
 11209 | D:11     | Noticed a boulder beetle
 11229 | D:11     | Killed a boulder beetle
 11230 | D:11     | Reached skill level 12 in Short Blades
 11511 | D:11     | Noticed Erica
 11669 | D:9      | Bought a shimmering long sword for 195 gold pieces
 11683 | Lair:1   | Entered Level 1 of the Lair of Beasts
 11697 | Lair:1   | Noticed a four-headed hydra
 11704 | Lair:1   | Killed a four-headed hydra
 11895 | Lair:1   | Noticed a seven-headed hydra
 11922 | Lair:1   | Slain by a seven-headed hydra

Illustrated notes

Levels and vault maps discovered:
D:1:      sevenhm_arrival_forest_fort_large_4, layout_basic, st_stairs_13
D:2:      layout_loops_corners, general_overflow_altar, lightli_temple_of_fire,
          eat_drink_and_be_merry_uskayaw
D:3:      minmay_roachtagon, layout_basic, nicolae_qazlal_eye_of_the_storm,
          gup_sewer_entry_bubbles
D:4:      layout_cave_pools, kennysheep_nub, serial_bayou_pond_d,
          eino_small_chamber_without_monster, uniq_edmund, uniq_purgy
D:5:      layout_layer_cave, old_standard_altar, old_standard_altar,
          vehumet_statue, serial_shops, nicolae_shop_statue_plus,
          lemuel_old_faithful
D:6:      layout_gridville, overflow_temple_1_default, minmay_temple_entry_mist,
          uniq_maggie
D:7:      layout_basic, kennysheep_mini, gammafunk_ghost_cemetery
D:8:      layout_gridville, gammafunk_ghost_necromancy, minmay_shop_mayhem,
          uniq_gastronok
D:9:      layout_rooms, minmay_lair_entry_grove, serial_shops, shop_fountains,
          gammafunk_ghost_hydra_chop, minivault_8
D:10:     layout_stronghold, kennysheep_cross_room,
          chequers_guarded_unrand_ignorance
D:11:     layout_grid_maze, uniq_psyche, uniq_erica, uniq_urug, uniq_josephine
Temple:   cyrus_circular_temple
Lair:1:   layout_loops_ring, special_room [special_room_bee], grunt_megastairs_5

Skill      XL: |  1  2  3  4  5  6  7  8  9 10 11 |
---------------+----------------------------------+-----
Fighting       | 2 3 4 5 6 7 |  7.6
Short Blades   | 4 5 6 7 8 10 11 12 | 12.7
Stealth        | 1 2 3 4 5 7 9 10 | 10.0
Dodging        | 4 5 6 7 |  7.5
Necromancy     | 1 2 4 5 6 7 |  7.5
Ice Magic      | 2 |  2.5
Spellcasting   | 3 4 |  4.0
Throwing       | |  1.5

Action                   |  1- 3 |  4- 6 |  7- 9 | 10-12 || total
-------------------------+-------+-------+-------+-------++-------
Melee: Rapier            |   138 |   241 |   393 |   365 ||  1137
       Bite              |    13 |    19 |    36 |    44 ||   112
Throw: Throwing net      |       |     2 |       |       ||     2
       Dart              |       |       |    51 |     9 ||    60
 Cast: Vampiric Draining |       |       |     4 |    11 ||    15
       Frozen Ramparts   |       |       |     1 |     5 ||     6
       Agony             |       |       |       |     3 ||     3
Evoke: Wand              |       |       |     2 |       ||     2
  Use: Scroll            |       |       |    14 |     2 ||    16
       Potion            |       |       |     3 |     1 ||     4
 Stab: Sleeping          |     1 |     2 |    10 |    18 ||    31
       Held in net/web   |       |     2 |       |       ||     2
       Distracted        |       |       |     1 |       ||     1
Armor: Leather armour    |    22 |    70 |    23 |       ||   115
       Steam dragon scal |       |       |    33 |    69 ||   102
Dodge: Dodged            |    91 |   179 |   257 |   214 ||   741

Table legend: (Time is in decaauts)
 A = Elapsed time spent in this place.
 B = Non-inter-level travel time spent in this place.
 C = Inter-level travel time spent in this place.
 D = Time resting spent in this place.
 E = Time spent auto-exploring this place.
 F = Levels seen in this place.
 G = Mean time per level.
                   A        B        C        D        E       F      G
               +--------+--------+--------+--------+--------+-----+--------+
         Total |  11843 |  11160 |    683 |    832 |   6590 |  14 |  845.9 |
       Dungeon |  10897 |  10225 |    672 |    734 |   6119 |  11 |  990.6 |
        Temple |     23 |     13 |     10 |      0 |      0 |   1 |   23.0 |
          Lair |    229 |    229 |      0 |      0 |    171 |   1 |  229.0 |
         Sewer |    692 |    692 |      0 |     98 |    299 |   1 |  692.0 |
               +--------+--------+--------+--------+--------+-----+--------+

Top non-repeatable levels by time:
     D:5: 1522 daAuts
     D:8: 1241 daAuts
     D:2: 1066 daAuts
     D:7: 1017 daAuts
     D:3: 1012 daAuts
     D:9: 989 daAuts
    D:10: 929 daAuts
     D:6: 900 daAuts
     D:1: 854 daAuts
    D:11: 781 daAuts
   Sewer: 692 daAuts
     D:4: 583 daAuts
  Lair:1: 229 daAuts
  Temple: 23 daAuts
